 Dungeon Crawl Stone Soup version 0.31-a0-1338-gb567cfdca4 (webtiles) character file.

Game seed: 15103074827651767851

1915 croobank the Changeling (level 8, -22/67 HPs)
             Began as a Demigod Shapeshifter on Dec 21, 2023.
             Killed by an exploding wyvern (28 damage)
             ... ignited by their inner flame
             ... on level 7 of the Dungeon.
             The game lasted 00:20:49 (7204 turns).

croobank the Changeling (Demigod Shapeshifter)      Turns: 7204, Time: 00:20:49

Health: -22/67     AC:  7    Str: 15    XL:     8   Next: 63%
Magic:  14/14      EV: 18    Int: 22    God:
Gold:   316        SH:  0    Dex: 17    Spells: 11/11 levels left

rFire   . . .        P - +2 mace (holy)
rCold   . . .        (no shield)
rNeg    . . .        v - +2 ring mail
rPois   .            k - melded +0 helmet
rElec   .            u - melded +0 cloak
rCorr   .            (gloves currently unavailable)
SInv    .            (boots currently unavailable)
Will    .....        (no amulet)
Stlth   +            s - +6 ring of intelligence
HPRegen 0.31/turn    f - +5 ring of evasion
MPRegen 0.14/turn

%: no passive effects
@: beast-form
A: beast (slay +2), high MP 1, forlorn, divine attributes
a: Begin Untransformation


You were on level 7 of the Dungeon.
You were a hulking beast.
You visited 1 branch of the dungeon, and saw 7 of its levels.

You collected 316 gold pieces.

Inventory:

Hand Weapons
 b - a +3 dagger
 g - a +2 whip of freezing
 i - a +2 short sword of draining
 B - a +0 morningstar
 C - a +1 dagger of flaming
 G - a +3 flail of protection
 J - a +0 trident
 K - a +2 dagger of venom
 L - a +2 short sword of speed
 P - a +2 mace of holy wrath (weapon)
Missiles
 a - 22 poisoned darts
Armour
 k - a +0 helmet (melded)
 u - a +0 cloak (melded)
 v - a +2 ring mail (worn)
Jewellery
 f - a +5 ring of evasion (right hand)
 s - a +6 ring of intelligence (left hand)
 w - a ring of willpower
Talismans
 c - a beast talisman (active)
 d - a flux talisman
Wands
 z - a wand of digging (5)
 M - a wand of roots (16)
Scrolls
 e - a scroll of identify
 h - a scroll of teleportation
 j - 3 scrolls of fog
 F - 2 scrolls of noise {unknown}
Potions
 l - 2 potions of might {unknown}
 m - a potion of magic
 o - 2 potions of heal wounds
 p - 2 potions of degeneration
 t - 4 potions of curing
 x - a potion of brilliance
 A - a potion of enlightenment
 E - a potion of lignification
 H - a potion of attraction
 I - 2 potions of resistance
 O - a potion of haste


   Skills:
 + Level 4.7 Fighting
 * Level 3.6 Maces & Flails
 + Level 5.0 Dodging
 - Level 4.2 Unarmed Combat
 * Level 2.4 Spellcasting
 * Level 2.7 Air Magic
 + Level 5.1 Shapeshifting


You had 11 spell levels left.
You didn't know any spells.
Your spell library contained the following spells:

 Spells                   Type           Power      Damage    Failure   Level
 Shock                    Conj/Air       32%        1d5       16%         1
 Magic Dart               Conj           8%         1d3       26%         1
 Swiftness                Air            14%        N/A       26%         3
 Blink                    Tloc           4%         N/A       36%         2
 Call Imp                 Summ           4%         N/A       36%         2
 Gell's Gravitas          Tloc           2%         N/A       61%         3
 Inner Flame              Hex/Fire       2%         N/A       61%         3
 Teleport Other           Tloc           2%         N/A       61%         3
 Airstrike                Air            7%         2d(1-17)  63%         4
 Irradiate                Conj/Alch      1%         3d12      100%        5
 Dispersal                Tloc           1%         N/A       100%        6
 Ignition                 Fire           1%         3d3       100%        8


Dungeon Overview and Level Annotations

Branches:
Dungeon (7/15)             Temple (0/1) D:4

Shops:
D:4 (   D:5 (

Annotations:
D:5 3 runed translucent doors, RabbitInGlasses's ghost, novice MiFi


Innate Abilities, Weirdness & Mutations

You are a hulking beast.
Your limbs bulge with bestial killing power. (Slay +2)
You have an increased reservoir of magic. (+10% MP)
You shall have no god before yourself.
Your divine heritage dramatically boosts your attributes as you level up.


Message History

The wyvern bites you but does no damage.
The wyvern bites you!
The helpless hornet fails to defend itself.
You hit the hornet but do no damage.
The hornet is heavily wounded.
The wyvern misses you. x2
Okay, then.
As you read the scroll of immolation, it crumbles to dust.
The creatures around you are filled with an inner flame!
The wyvern completely misses you. The orc hits you but does no damage.
The wyvern barely misses you.
The helpless hornet fails to defend itself.
You sock the hornet!
Flame seeps out of the hornet.
The hornet is almost dead.
The hornet is engulfed in blazing flames.
Flame seeps out of the hornet.
The wyvern closely misses you.
The hornet is engulfed in blazing flames.
The hornet explodes!
The fiery explosion engulfs the orc!! x2
The fiery explosion engulfs the wyvern!
Flame seeps out of the wyvern.
The wyvern is heavily wounded.
The fiery explosion engulfs something!!
Reactivating autopickup.
You feel a bit more experienced. The fiery explosion engulfs you!!
The fiery explosion engulfs the orc!!
The orc explodes!
The fiery explosion engulfs you!!
* * * LOW HITPOINT WARNING * * *
The fiery explosion engulfs the wyvern!!!
The fiery explosion engulfs the orc wizard!!!
The orc wizard explodes!
The fiery explosion engulfs the orc warrior!!
The fiery explosion engulfs the orc!!
The orc explodes!
The fiery explosion engulfs the orc!!
The fiery explosion engulfs the orc wizard!!
The orc wizard explodes!
The orc explodes!
The orc warrior explodes!
The wyvern explodes!
The fiery explosion engulfs you!!
You die...

**,,,,,,,,*,,,*
##**,#.....,,*,,,***
##.**,......,,*,,,,,,
#..#*,......,,*,,,,,,
#.#.##§§§...,,*,,,,,,
##....§§§§.....##*****
#...§§§§§§.#.#....,,,,
#...§○§§######.###,,,,
*#..)h§#######..#...,,
#...§§######..[#....,
##....######........,
*#....##.#........#**
#...#........#....#*#
#.#.#...........#,,..
#.......#......##,..,
*#.....###.....###.#,,
#...###.###........#*,


There were no monsters in sight!

Vanquished Creatures
  Pikel (D:4)
  A hornet (D:7)
  A wyvern (D:7)
  Duvessa (D:5)
  An orc warrior (D:7)
  4 black bears
  2 lemures (D:4)
  A kobold brigand (D:3)
  2 scorpions
  A water moccasin zombie (D:5)
  A wight (D:7)
  Dowan (D:5)
  A centaur zombie (D:5)
  2 orc priests
  5 hounds
  A sleepcap (D:6)
  2 iguanas (D:5)
  7 orc wizards
  Robin (D:2)
  3 gnolls (D:5)
  8 adders
  A bombardier beetle (D:4)
  4 worms (D:3)
  2 dart slugs
  23 orcs
  9 ball pythons
  7 bats
  8 endoplasms
  7 giant cockroaches
  11 goblins
  7 hobgoblins
  4 quokkas
  12 frilled lizards (D:1)
  19 kobolds
  6 rats
167 creatures vanquished.

Notes
Turn   | Place    | Note
-------+----------+-------------------------------------------
     0 | D:1      | croobank the Demigod Shapeshifter began the quest for the
                  | Orb.
     0 | D:1      | Reached XP level 1. HP: 15/15 MP: 3/3
   122 | D:1      | Reached skill level 1 in Fighting
   291 | D:1      | Reached XP level 2. HP: 19/23 MP: 4/4
   713 | D:1      | Reached XP level 3. HP: 28/28 MP: 5/5
  1915 | D:2      | Noticed Robin
  1930 | D:2      | Killed Robin
  2488 | D:3      | Reached XP level 4. HP: 20/36 MP: 6/6
  3069 | D:3      | Noticed a kobold brigand
  3496 | D:3      | Killed a kobold brigand
  3497 | D:3      | Reached XP level 5. HP: 39/42 MP: 7/7
  3814 | D:4      | Found a staircase to the Ecumenical Temple.
  4089 | D:4      | Reached XP level 6. HP: 29/50 MP: 8/8
  4174 | D:4      | Found a transporter.
  4179 | D:4      | Found Pobemiy's Weapon Shoppe.
  4205 | D:4      | Found a transporter.
  4666 | D:5      | Entered Level 5 of the Dungeon
  4683 | D:5      | Noticed Pikel
  4781 | D:4      | Killed Pikel
  4782 | D:4      | Reached XP level 7. HP: 14/59 MP: 9/9
  5059 | D:5      | Found Qususiar's Antique Weapon Boutique.
  5062 | D:5      | Noticed Dowan
  5062 | D:5      | Noticed Duvessa
  5077 | D:5      | Killed Duvessa
  5082 | D:5      | Killed Dowan
  5225 | D:5      | Reached skill level 1 in Air Magic
  5225 | D:5      | Reached XP level 8. HP: 46/67 MP: 12/12
  5314 | D:5      | Reached skill level 1 in Spellcasting
  5679 | D:5      | Found a runed translucent gate.
  5679 | D:5      | Found a runed translucent gate.
  5679 | D:5      | Found a runed translucent gate.
  5679 | D:5      | Noticed RabbitInGlasses's ghost (novice MiFi)
  6530 | D:6      | Reached skill level 5 in Shapeshifting
  7161 | D:7      | Reached skill level 5 in Dodging
  7185 | D:7      | Noticed a hornet
  7204 | D:7      | Killed a hornet
  7204 | D:7      | Killed by an exploding wyvern... ignited by their inner
                  | flame

Illustrated notes

Levels and vault maps discovered:
D:1:      psy_arrival_radial01, layout_basic, minmay_lizard_king
D:2:      cheibrodos_old_hovel, layout_basic, ebering_ecumenical_altar_box,
          uniq_robin
D:3:      cheibrodos_thug_alley, layout_basic, grunt_temple_overflow_open
D:4:      layout_basic, minmay_temple_entry_junction_2, serial_shops,
          nicolae_shop_drivethru, minmay_between
D:5:      layout_basic, nicolae_yredelemnul_ghost_church, serial_shops, shop,
          dreamdust_gnoll_farm, uniq_pikel, uniq_duvessa
D:6:      layout_gridville
D:7:      layout_cave_pools, kennysheep_path_1, serial_bayou_pond_a,
          uniq_jeremiah, uniq_joseph

Skill      XL: |  1  2  3  4  5  6  7  8 |
---------------+-------------------------+-----
Fighting       | 1 2 4 |  4.7
Dodging        | 2 3 4 5 |  5.0
Unarmed Combat | 3 4 |  4.2
Shapeshifting  | 3 4 5 |  5.1
Maces & Flails | 2 3 |  3.6
Air Magic      | 1 2 |  2.7
Spellcasting   | 2 |  2.4

Action                     |  1- 3 |  4- 6 |  7- 9 || total
---------------------------+-------+-------+-------++-------
  Melee: Short sword       |   162 |   110 |    11 ||   283
         Unarmed           |     8 |       |       ||     8
         Flail             |       |    65 |   139 ||   204
         Punch             |       |     4 |     4 ||     8
         Mace              |       |       |    13 ||    13
  Evoke: Wand              |       |     4 |     5 ||     9
    Use: Potion            |     3 |       |       ||     3
         Scroll            |       |       |    19 ||    19
   Stab: Paralysed         |       |       |     6 ||     6
 Armour: Animal skin       |    74 |       |       ||    74
         Skin              |    29 |       |       ||    29
         Ring mail         |     7 |   135 |   113 ||   255
  Dodge: Dodged            |   108 |    79 |   196 ||   383
   Form: Beast             |     3 |       |       ||     3
                           |     2 |       |       ||     2

Table legend: (Time is in decaauts)
 A = Elapsed time spent in this place.
 B = Non-inter-level travel time spent in this place.
 C = Inter-level travel time spent in this place.
 D = Time resting spent in this place.
 E = Time spent auto-exploring this place.
 F = Levels seen in this place.
 G = Mean time per level.
                   A        B        C        D        E       F      G
               +--------+--------+--------+--------+--------+-----+--------+
         Total |   7269 |   7053 |    216 |   1973 |   3454 |   7 | 1038.4 |
       Dungeon |   7269 |   7053 |    216 |   1973 |   3454 |   7 | 1038.4 |
               +--------+--------+--------+--------+--------+-----+--------+

Top non-repeatable levels by time:
     D:3: 1342 daAuts
     D:1: 1266 daAuts
     D:6: 1264 daAuts
     D:2: 1165 daAuts
     D:4: 1150 daAuts
     D:5: 1020 daAuts
     D:7: 60 daAuts
